 Dungeon Sprint DCSS version 0.31-a0-18-gea43df2a32 (webtiles) character file.

Game seed: 8562336948713173426

3600 sircluck the Brawler (level 9, -1/102 HPs)
             Began as a Troll Berserker on May 10, 2023.
             Was a Priest of Trog.
             Slain by a tentacle (22 damage)
             ... attached to a kraken
             ... in the Dungeon (Sprint II: "The Violet Keep of Menkaure").
             The game lasted 00:04:11 (509 turns).

sircluck the Brawler (Troll Berserker)               Turns: 509, Time: 00:04:11

Health: -1/102     AC:  4    Str: 31    XL:     9   Next: 85%
Magic:  8/8        EV: 12    Int:  3    God:    Trog [***...]
Gold:   377        SH:  0    Dex:  9    Spells: 8/8 levels left

rFire   . .          .
                       - Unarmed
rCold   . . .        (no shield)
rNeg    + . .        a - +0 animal skin
rPois   .            (helmet restricted)
rElec   .            (no cloak)
rCorr   .            (gloves unavailable)
SInv    .            (boots unavailable)
Will    .....        c - macabre finger necklace {Finger+ rN+}
Stlth   +            h - ring of flight
HPRegen 1.17/turn    (no ring)
MPRegen 0.11/turn    (no ring)

%: no teleportation
@: on berserk cooldown, flying, slowed, very slow
A: large, unfitting armour, claws 3, regeneration 1, shaggy fur 1, tough skin 1,
evolution 1
a: Renounce Religion, Berserk, Trog's Hand


You were in the Dungeon.
You worshipped Trog.
Trog was most pleased with you.
You visited 1 branch You collected 1069 gold pieces.
You spent 692 gold pieces at shops.

Inventory:

Armour
 a - a +0 animal skin (worn)
Jewellery
 c - the macabre finger necklace (around neck) {Finger+ rN+}
   (You bought it in a shop in the Dungeon)

   [amulet of nothing]

   Finger+:   It enables you to equip an extra ring.
   rN:        It protects you from negative energy.
 h - a ring of flight (left claw)
Scrolls
 g - a scroll of blinking
Potions
 b - a potion of curing
 d - a potion of haste
 e - 2 potions of magic
 f - a potion of berserk rage


   Skills:
 + Level 10.4 Fighting
 + Level 10.9 Dodging
 + Level 15.5 Unarmed Combat


You had 8 spell levels left.
You didn't know any spells.
Your spell library was empty.

Dungeon Overview and Level Annotations

Branches:
Dungeon (1/1)

Altars:
Cheibriados
Dithmenos
Elyvilon
Fedhas
Gozag
Kikubaaqudgha
Makhleb
Nemelex Xobeh
Okawaru
Sif Muna
Trog
Uskayaw
Vehumet
Yredelemnul
Zin
Jiyva
Lugonu

Shops:
D ?::!=:[([(*=?!!

Annotations:
D exclusion: oklob plant


Innate Abilities, Weirdness & Mutations

You are too large for most types of armour.
You have claws for hands.
Your natural rate of healing is unusually fast.
You are covered in fur. (AC +1)
You have tough skin. (AC +1)
You have hidden genetic potential.


Message History

The tentacle is heavily wounded.
The tentacle slaps you!!
You completely miss the tentacle.
The tentacle is heavily wounded.
You claw the tentacle!
The tentacle is severely wounded.
The tentacle slaps you.
You barely miss the tentacle. You claw the tentacle!
You kill the tentacle!
Unknown command.
The tentacle closely misses you. The tentacle slaps you!!
* * * LOW HITPOINT WARNING * * *
You swap places.
You feel a strong urge to attack something.
The tentacle slaps your ogre.
Your ogre hits the tentacle with a +0 giant club!!
The tentacle slaps your ogre.
There are monsters nearby!
You are no longer berserk.
You are exhausted.
You feel yourself slow down. The tentacle closely misses your ogre.
The tentacle barely misses your ogre.
Your ogre hits the tentacle with a +0 giant club!!
The tentacle dies!
The tentacle slaps your ogre!
The kraken squirts a massive cloud of ink into the water!
The tentacle barely misses your ogre.
Your ogre barely misses the tentacle.
Tentacles burst out of the water!
The tentacle slaps your ogre! The tentacle slaps your ogre!!
Your ogre dies!
Your ogre's corpse disappears in a puff of smoke!
Okay, then.
Okay, then.
Blink to where?
Press: ? - help, Q - select action, (/) - cycle Dir - move target, f - you
Okay, then.
Okay, then.
The kraken squirts a massive cloud of ink into the water!
The tentacle slaps you!!
You die...

**#.*,,*,,*,,,,,,,,**,⌠,*,*,+~,,~
,,+.###*,=▓$([$[)[!▓▓,,,*,*,+~,,~
,,*...####▓$$[$!$??▓▓,,,*,*,+~,,~
#**#..##.#▓)?([:[)$▓▓,,,*,*,+~,,~
#,,+..#..#▓([((?!(?▓▓,,,*,*,+~,,~
#,,#..#†)#▓:!???!?$▓▓,⌠,*,*,*~,,~
####^^##†#▓??!?$[(?▓▓,,,*,*,*~,,~
..###...##▓▓▓▓▓▓▓+▓▓▓▓+▓*,***~,,~
.§..~~~†~~~~~~§§@w──X≈≈▓,,,,,,,,*
....~#'########+###w§w≈▓,,,,,,,**
~~..~#....._._#S~~##§§≈▓,,,,,,**
~~~.~#...._._.#~~§≈####▓****~**
~§~~~#..._._._#~§§§≈#*,,*,,*~*
§≈~~~#.._._._.#~~§§≈§*,,*,,*~*
≈≈≈≈~#._._._._#~§§§§~+,,+,,*~*
###≈≈#_._._._.#~~§§≈~*,,*,,*~*
*,*~~*,_,_,_,,*~~~~~~*,,*,,*~*


You could see a kraken and 3 tentacles.

Vanquished Creatures
  2 boulder beetles (D)
  A merfolk siren (D)
  A hornet (D)
  A polar bear (D)
  4 neqoxecs (D)
  2 water moccasins (D)
  5 scorpions (D)
  2 tentacles (D)
18 creatures vanquished.

Vanquished Creatures (collateral kills)
  A yaktaur (D)
  2 polar bears (D)
  A tentacle (D)
4 creatures vanquished.

Vanquished Creatures (others)
  Menkaure (D)
1 creature vanquished.

Grand Total: 23 creatures vanquished

Notes
Turn   | Place    | Note
-------+----------+-------------------------------------------
     0 | D        | sircluck the Troll Berserker began the quest for the Orb.
     0 | D        | Reached XP level 1. HP: 22/22 MP: 0/0
     1 | D        | Noticed a scorpion
     1 | D        | Noticed a scorpion
    10 | D        | Killed a scorpion
    11 | D        | Reached skill level 5 in Unarmed Combat
    11 | D        | Reached XP level 2. HP: 33/33 MP: 1/1
    11 | D        | Reached XP level 3. HP: 40/40 MP: 2/2
    13 | D        | Killed a scorpion
    14 | D        | Reached skill level 5 in Fighting
    14 | D        | Reached skill level 6 in Unarmed Combat
    14 | D        | Reached XP level 4. HP: 50/50 MP: 3/3
    15 | D        | Noticed a scorpion
    15 | D        | Noticed a scorpion
    17 | D        | Killed a scorpion
    17 | D        | Reached ** piety under Trog
    18 | D        | Reached skill level 5 in Dodging
    18 | D        | Reached skill level 7 in Unarmed Combat
    18 | D        | Reached XP level 5. HP: 59/59 MP: 4/4
    21 | D        | Reached skill level 8 in Unarmed Combat
    34 | D        | Noticed a flying skull
    34 | D        | Noticed a flying skull
    34 | D        | Noticed a flying skull
    34 | D        | Noticed a flying skull
    34 | D        | Noticed a flying skull
    34 | D        | Noticed a flying skull
    34 | D        | Noticed a flying skull
    35 | D        | Noticed a flying skull
    35 | D        | Noticed a flying skull
    36 | D        | Noticed a flying skull
    36 | D        | Noticed a water moccasin
    37 | D        | Noticed a flying skull
    37 | D        | Noticed a flying skull
    40 | D        | Killed a water moccasin
    41 | D        | Reached XP level 6. HP: 49/68 MP: 5/5
    50 | D        | Noticed a boulder beetle
    50 | D        | Noticed a boulder beetle
    67 | D        | Noticed a merfolk siren
    73 | D        | Killed a merfolk siren
    73 | D        | Reached *** piety under Trog
    74 | D        | Reached skill level 10 in Unarmed Combat
    74 | D        | Reached XP level 7. HP: 80/80 MP: 6/6
    77 | D        | Noticed a neqoxec
    82 | D        | Killed a neqoxec
    83 | D        | Reached skill level 11 in Unarmed Combat
   106 | D        | HP: 2/81 [boulder beetle (15)]
   107 | D        | Killed a boulder beetle
   108 | D        | Reached skill level 12 in Unarmed Combat
   108 | D        | Reached XP level 8. HP: 4/92 MP: 7/7
   160 | D        | Killed Menkaure
   192 | D        | Killed a boulder beetle
   193 | D        | Reached skill level 13 in Unarmed Combat
   253 | D        | Reached **** piety under Trog
   254 | D        | Reached XP level 9. HP: 101/101 MP: 8/8
   259 | D        | Gained mutation: You have hidden genetic potential. [a
                  | neqoxec]
   260 | D        | Reached skill level 10 in Dodging
   263 | D        | Reached skill level 14 in Unarmed Combat
   291 | D        | Found Rurgh's Magic Scroll Emporium.
   291 | D        | Found Niedi's Distillery.
   291 | D        | Found Ceudau's Antique Armour Shoppe.
   291 | D        | Found Hiumeunt's Jewellery Shoppe.
   291 | D        | Found Guiniytt's Distillery.
   291 | D        | Found Xieqywk's Antique Weapon Emporium.
   291 | D        | Found Plog's Assorted Antiques.
   291 | D        | Found Xinonuot's Antique Armour Shoppe.
   292 | D        | Found Rorat's Book Emporium.
   292 | D        | Found Enuam's Jewellery Shoppe.
   292 | D        | Found Ganohagh's Distillery.
   293 | D        | Found Febloyz's Weapon Emporium.
   294 | D        | Found Xyunnedi's Book Shoppe.
   294 | D        | Noticed an oklob plant
   295 | D        | Found Tuxt's Magic Scroll Shoppe.
   295 | D        | Found Anuirch's Book Shoppe.
   299 | D        | Noticed an iron elemental
   303 | D        | Bought the macabre finger necklace {Finger+ rN+} for 400
                  | gold pieces
   303 | D        | Found the macabre finger necklace {Finger+ rN+}
   335 | D        | Bought a ring of flight for 210 gold pieces
   339 | D        | Bought a scroll of magic mapping for 82 gold pieces
   414 | D        | Found a snail-covered altar of Cheibriados.
   415 | D        | Found a shadowy altar of Dithmenos.
   416 | D        | Found a viscous altar of Jiyva.
   417 | D        | Found a white marble altar of Elyvilon.
   417 | D        | Found an ancient bone altar of Kikubaaqudgha.
   418 | D        | Found a blossoming altar of Fedhas.
   418 | D        | Found a corrupted altar of Lugonu.
   418 | D        | Found a shimmering blue altar of Sif Muna.
   419 | D        | Found an opulent altar of Gozag.
   419 | D        | Found a burning altar of Makhleb.
   419 | D        | Found a bloodstained altar of Trog.
   420 | D        | Found a sparkling altar of Nemelex Xobeh.
   420 | D        | Found a hide-covered altar of Uskayaw.
   421 | D        | Found an iron altar of Okawaru.
   421 | D        | Found a radiant altar of Vehumet.
   421 | D        | Found a glowing silver altar of Zin.
   423 | D        | Noticed a yaktaur
   423 | D        | Noticed a polar bear
   425 | D        | Killed a polar bear
   425 | D        | Noticed a polar bear
   426 | D        | Reached skill level 10 in Fighting
   428 | D        | Killed a polar bear
   430 | D        | Killed a yaktaur
   431 | D        | Reached skill level 15 in Unarmed Combat
   433 | D        | Paralysed by a hornet for 1 turns
   435 | D        | Reached ***** piety under Trog
   436 | D        | Noticed a polar bear
   441 | D        | Killed a polar bear
   486 | D        | Found a basalt altar of Yredelemnul.
   492 | D        | Noticed a kraken
   509 | D        | Slain by a tentacle

Illustrated notes

Levels and vault maps discovered:
D:        the_violet_keep_of_menkaure [sprint2_stairs_cluster_1,
          sprint2_shoproom, sprint2_temple, sprint2_basic_supplies,
          sprint2_obstacle_7, sprint2_obstacle_2, sprint2_obstacle_1,
          sprint2_obstacle_4, sprint2_obstacle_6, sprint2_timed_cluster_1,
          sprint2_smallroom_cluster_1, sprint2_smallroom_final_cluster_1,
          sprint2_transparent_cluster_1, sprint2_second_timed_cluster_1,
          sprint2_sniper_area_1, sprint2_heavy_combat_area_1,
          sprint2_mutation_trap_area_1, sprint2_forest_area_1,
          sprint2_light_combat_area_1, sprint2_behind_water_1,
          sprint2_near_end_vault_1]

Skill      XL: |  1  2  3  4  5  6  7  8  9 |
---------------+----------------------------+-----
Fighting       | 4 5 6 8 9 10 | 10.4
Dodging        | 4 5 6 7 9 10 | 10.9
Unarmed Combat | 5 6 7 8 10 12 13 15 | 15.5

Action                     |  1- 3 |  4- 6 |  7- 9 || total
---------------------------+-------+-------+-------++-------
  Melee: Unarmed           |    11 |    12 |    52 ||    75
         Punch             |       |       |     5 ||     5
 Invoke: Berserk           |     1 |     1 |     4 ||     6
         Brothers in Arms  |       |       |     3 ||     3
    Use: Potion            |       |       |     1 ||     1
         Scroll            |       |       |     1 ||     1
 Armour: Animal skin       |     2 |     2 |     5 ||     9
  Dodge: Dodged            |     3 |     4 |    20 ||    27

Table legend: (Time is in decaauts)
 A = Elapsed time spent in this place.
 B = Non-inter-level travel time spent in this place.
 C = Inter-level travel time spent in this place.
 D = Time resting spent in this place.
 E = Time spent auto-exploring this place.
 F = Levels seen in this place.
 G = Mean time per level.
                   A        B        C        D        E       F      G
               +--------+--------+--------+--------+--------+-----+--------+
         Total |    537 |    493 |     44 |    218 |     57 |   1 |  537.0 |
       Dungeon |    537 |    493 |     44 |    218 |     57 |   1 |  537.0 |
               +--------+--------+--------+--------+--------+-----+--------+

Top non-repeatable levels by time:
       D: 537 daAuts
